 Dungeon Sprint DCSS version 0.30-a0-824-g6c64550be9 (webtiles) character file.

Game seed: 4117310445799997093

27938 rocky1 the Bludgeoner (level 13, -2/120 HPs)
             Began as a Formicid Fighter on Feb 27, 2023.
             Was the Champion of Okawaru.
             Killed by the raging water
             ... invoked by a water nymph
              (11 damage)
             ... in the Dungeon (Sprint IX: "|||||||||||||||||||||||||||||").
             The game lasted 00:10:58 (3424 turns).

rocky1 the Bludgeoner (Formicid Fighter)            Turns: 3424, Time: 00:10:59

Health: -2/120     AC: 30    Str: 26    XL:     13   Next: 69%
Magic:  19/19      EV:  8    Int:  8    God:    Okawaru [******]
Gold:   153        SH: 20    Dex: 13    Spells: 12/12 levels left

rFire   + + .      SeeInvis +    w - +1 great mace (protect)
rCold   + . .      Faith    .    C - +1 tower shield
rNeg    . . .      Spirit   .    b - +0 plate armour {rF+}
rPois   +          Reflect  .    (helmet unavailable)
rElec   .          Harm     .    B - +2 cloak {rPois}
rCorr   .          Rampage  .    n - +0 pair of gloves
Will    +....                    y - +0 pair of boots Stlth
                                 (no amulet)
HPRegen 0.40/turn                x - ring of protection from fire
MPRegen 0.16/turn                m - ring of protection from cold

@: under a protective aura, very slow
A: permanent stasis, dig shafts and tunnels, antennae 3, four strong arms
a: Dig, Renounce Religion, Heroism, Finesse


You were in the Dungeon.
You worshipped Okawaru.
Okawaru was exalted by your worship.
You visited 1 branch You collected 1958 gold pieces.
You spent 1805 gold pieces at shops.

Inventory:

Hand Weapons
 c - a +4 eveningstar of draining
 k - a +2 heavy dire flail
 o - the +7 lajatang of Order {silver, rMut}
   (You bought it in a shop in the Dungeon)

   rMut:      It protects you from mutation.
 w - a +1 great mace of protection (weapon)
Missiles
 a - 4 curare-tipped darts
 h - 4 silver boomerangs
 A - a javelin
Armour
 b - a +0 plate armour of fire resistance (worn)
 f - the +4 scale mail "Rofoeg" {Fly Str+3}
   (Okawaru gifted it to you in the Dungeon)

   Str:       It affects your strength (+3).
   Fly:       It grants you flight.
 n - a +0 pair of gloves (worn)
 y - a +0 pair of boots (worn)
 B - a +2 cloak of poison resistance (worn)
 C - a +1 tower shield (worn)
Jewellery
 m - a ring of protection from cold (right hand)
 x - a ring of protection from fire (left hand)
Wands
 j - a wand of roots (10)
 z - a wand of mindburst (9)
Scrolls
 i - 2 scrolls of amnesia
 s - 4 scrolls of enchant armour
 t - 2 scrolls of fear
 u - 4 scrolls of enchant weapon
 E - 2 scrolls of fog
Potions
 d - 2 potions of might
 e - 7 potions of curing
 g - 4 potions of magic
 v - a potion of attraction
 D - a potion of mutation
Miscellaneous
 r - a lightning rod (4/4)


   Skills:
 + Level 17.1 Fighting
 + Level 20.8 Maces & Flails
 + Level 14.6 Armour
 + Level 3.1 Dodging
 - Level 4.6 Stealth
 + Level 17.3 Shields
 + Level 8.8 Invocations
 * Level 13.6 Evocations


You had 12 spell levels left.
You didn't know any spells.
Your spell library was empty.

Dungeon Overview and Level Annotations

Branches:
Dungeon (1/1)

Altars:
Cheibriados
Dithmenos
Elyvilon
Fedhas
Gozag
Hepliaklqana
Kikubaaqudgha
Makhleb
Nemelex Xobeh
Okawaru
Qazlal
Ru
Sif Muna
Trog
Uskayaw
Vehumet
Wu Jian
Xom
Yredelemnul
Zin
The Shining One
Jiyva
Lugonu

Shops:
D (([(


Innate Abilities, Weirdness & Mutations

You cannot be hasted, slowed, berserked, paralysed or teleported.
You can dig through walls and to a lower floor.
You have a pair of large antennae on your head. (SInv)
Your four strong arms can wield two-handed weapons with a shield.


Message History

You hear a splash. x2; Splash!
You fall into the shallow water.
Moving in this stuff is going to be slow.
Your unstable footing causes you to fumble your attack.
The water nymph touches you. The water nymph drowns you!
The merfolk aquamancer mumbles some strange words.
The merfolk aquamancer blinks!
You barely miss the water nymph. You block the water nymph's attack.
You hit the water nymph.
The water nymph is lightly wounded.
Your unstable footing causes you to fumble your attack.
You block the water nymph's attack.
Your unstable footing causes you to fumble your attack.
The water nymph casts a spell at you. The water swirls and strikes you!
You closely miss the water nymph.
The water nymph is lightly wounded.
The water nymph gestures at you while chanting.
The water swirls and strikes you.
Your unstable footing causes you to fumble your attack.
The merfolk aquamancer casts a spell.
The merfolk aquamancer blinks!
The water nymph touches you. The water nymph drowns you!
You sock the water nymph!
The water nymph is moderately wounded.
You closely miss the water nymph.
The water nymph is moderately wounded.
You block the water nymph's attack.
You block the merfolk aquamancer's attack.
You bludgeon the water nymph!!
The water nymph is severely wounded.
The water nymph casts a spell at you. The water swirls and strikes you!!
* * * LOW HITPOINT WARNING * * *
You block the merfolk aquamancer's attack.
You hit the merfolk aquamancer.
The merfolk aquamancer is lightly wounded.
The water nymph casts a spell at you. The water swirls and strikes you!
You die...

{ ♣.▓[▓.▓.▓.▓.▓.▓_
{
▓.▓.▓[▓.▓.▓.▓.▓.▓_
{
▓.▓.▓.▓.▓.▓.▓.▓.▓_
{
▓.▓.▓)▓.▓.▓.▓÷▓.▓_
{
▓.▓†▓)▓.▓.▓.▓÷▓.▓_
{
▓.▓†▓)▓.▓.▓.▓.▓.▓_
{
▓~▓.▓)▓.▓)▓)▓.▓.▓_
{
▓m▓.▓)▓.▓)▓)▓.▓.▓_
▓@▓.▓)▓.▓)▓.▓.▓.▓_
▓m▓.▓)▓.▓)▓.▓.▓.▓'
▓'▓.▓)▓.▓)▓.▓.▓.▓.
▓.▓.▓.▓.▓)▓.▓.▓.▓.
▓.▓.▓.▓.▓)▓.▓.▓.▓.
▓.▓.▓=▓.▓.▓.▓.▓.▓.
▓.▓.▓.▓.▓.▓.▓.▓.▓.
▓.▓.▓.▓.▓.▓.▓.▓.▓)
▓.▓.▓'▓.▓.▓.▓.▓.▓.


You could see a merfolk aquamancer and a water nymph.

Vanquished Creatures
  Gastronok (D)
  Frances (D)
  Kirke (D)
  A fire giant (D)
  2 stone giants (D)
  A very ugly thing (D)
  2 rakshasas (D)
  A hydra (D)
  An ogre mage (D)
  3 centaur warriors (D)
  A satyr (D)
  2 vampire magi (D)
  A death yak (D)
  Sonja (D)
  A sea snake (D)
  A deep elf pyromancer (D)
  7 orc knights (D)
  2 lindwurms (D)
  5 manticores (D)
  2 ugly things (D)
  Maurice (D)
  A gargoyle (D)
  2 cane toads (D)
  A black mamba (D)
  2 rime drakes (D)
  A komodo dragon (D)
  2 merfolk (D)
  A meliai (D)
  A meliai (shapeshifter) (D)
  2 blink frogs (D)
  2 tyrant leeches (D)
  3 hogs (D)
  3 humans (D)
  A hog (shapeshifter) (D)
  A yak (D)
  A basilisk (D)
  3 water moccasins (D)
  19 orc warriors (D)
  A wolf (D)
  3 bullfrogs (D)
  A necrophage (D)
  A howler monkey (D)
  A hound (D)
  3 orc priests (D)
  An iguana (D)
  6 orc wizards (D)
  A shadow imp (D)
  4 worms (D)
  6 orcs (D)
  An endoplasm (D)
  2 ball pythons (D)
  A jackal simulacrum (D)
  2 rats (D)
118 creatures vanquished.

Vanquished Creatures (others)
  An orc wizard (D)
1 creature vanquished.

Grand Total: 119 creatures vanquished

Notes
Turn   | Place    | Note
-------+----------+-------------------------------------------
     0 | D        | rocky1 the Formicid Fighter began the quest for the Orb.
     0 | D        | Reached XP level 1. HP: 18/18 MP: 1/1
    39 | D        | Noticed a hound
    39 | D        | Noticed a necrophage
    39 | D        | Noticed an iguana
    47 | D        | Killed an iguana
    48 | D        | Reached skill level 3 in Maces & Flails
    48 | D        | Reached skill level 5 in Shields
    48 | D        | Reached XP level 2. HP: 3/26 MP: 2/2
    48 | D        | Reached XP level 3. HP: 3/32 MP: 3/3
    51 | D        | Killed a necrophage
    52 | D        | Reached skill level 4 in Maces & Flails
    52 | D        | Reached skill level 5 in Armour
    52 | D        | Reached XP level 4. HP: 39/40 MP: 4/4
    53 | D        | Reached XP level 5. HP: 46/46 MP: 5/5
    55 | D        | Reached skill level 5 in Maces & Flails
    62 | D        | Found a snail-covered altar of Cheibriados.
    62 | D        | Found a shadowy altar of Dithmenos.
    62 | D        | Found a white marble altar of Elyvilon.
    62 | D        | Found a blossoming altar of Fedhas.
    62 | D        | Found an opulent altar of Gozag.
    63 | D        | Found a hazy altar of Hepliaklqana.
    64 | D        | Found a viscous altar of Jiyva.
    65 | D        | Found an ancient bone altar of Kikubaaqudgha.
    66 | D        | Found a corrupted altar of Lugonu.
    67 | D        | Found a burning altar of Makhleb.
    68 | D        | Found a sparkling altar of Nemelex Xobeh.
    69 | D        | Found an iron altar of Okawaru.
    70 | D        | Found a stormy altar of Qazlal.
    71 | D        | Found a sacrificial altar of Ru.
    72 | D        | Found a shimmering blue altar of Sif Muna.
    73 | D        | Found a bloodstained altar of Trog.
    74 | D        | Found a hide-covered altar of Uskayaw.
    75 | D        | Found a radiant altar of Vehumet.
    76 | D        | Found an ornate altar of the Wu Jian Council.
    77 | D        | Became a worshipper of Warmaster Okawaru
    78 | D        | Found a shimmering altar of Xom.
    79 | D        | Found a basalt altar of Yredelemnul.
    80 | D        | Found a glowing silver altar of Zin.
    81 | D        | Found a glowing golden altar of the Shining One.
   126 | D        | Noticed a gargoyle
   126 | D        | Noticed an orc warrior
   131 | D        | Killed an orc warrior
   132 | D        | Reached skill level 6 in Maces & Flails
   132 | D        | Reached XP level 6. HP: 55/55 MP: 6/6
   135 | D        | Killed a gargoyle
   135 | D        | Reached * piety under Okawaru
   136 | D        | Reached skill level 8 in Maces & Flails
   136 | D        | Reached skill level 1 in Stealth
   136 | D        | Reached skill level 10 in Shields
   136 | D        | Reached XP level 7. HP: 64/64 MP: 7/7
   139 | D        | Reached ** piety under Okawaru
   144 | D        | Noticed a manticore
   144 | D        | Noticed a basilisk
   144 | D        | Noticed a harpy
   144 | D        | Noticed a green ugly thing
   144 | D        | Noticed a cyan ugly thing
   144 | D        | Noticed a centaur warrior
   150 | D        | a harpy changed into a shapeshifter
   150 | D        | Noticed a shapeshifter (shapeshifter)
   151 | D        | a shapeshifter changed into a troll
   151 | D        | Noticed a troll (shapeshifter)
   154 | D        | Killed a centaur warrior
   154 | D        | Reached *** piety under Okawaru
   155 | D        | Reached skill level 10 in Fighting
   155 | D        | Reached skill level 10 in Maces & Flails
   155 | D        | Reached XP level 8. HP: 24/73 MP: 8/8
   163 | D        | Killed a green ugly thing
   164 | D        | Reached skill level 11 in Maces & Flails
   164 | D        | Reached skill level 10 in Armour
   164 | D        | Reached XP level 9. HP: 56/81 MP: 9/9
   167 | D        | Killed a green ugly thing
   167 | D        | Reached **** piety under Okawaru
   168 | D        | Reached skill level 12 in Maces & Flails
   173 | D        | a troll changed into a meliai
   173 | D        | Noticed a meliai (shapeshifter)
   175 | D        | Killed a meliai
   183 | D        | Killed a manticore
   184 | D        | Reached skill level 13 in Maces & Flails
   657 | D        | Noticed a cane toad
   657 | D        | Noticed a black mamba
   657 | D        | Noticed a rime drake
   659 | D        | Reached skill level 1 in Invocations
   659 | D        | Reached skill level 1 in Evocations
   659 | D        | Reached XP level 10. HP: 70/89 MP: 10/10
   659 | D        | Noticed a death yak
   661 | D        | Killed a rime drake
   670 | D        | Killed a death yak
   670 | D        | Reached ***** piety under Okawaru
   671 | D        | Reached skill level 14 in Maces & Flails
   672 | D        | Killed a black mamba
   678 | D        | Killed a cane toad
   682 | D        | Reached skill level 5 in Invocations
   687 | D        | Received a gift from Okawaru
   900 | D        | Noticed a rime drake
   900 | D        | Noticed a seven-headed hydra
   902 | D        | Reached skill level 5 in Evocations
   902 | D        | Noticed a komodo dragon
   907 | D        | Noticed a cane toad
   912 | D        | Killed a seven-headed hydra
   913 | D        | Reached skill level 15 in Maces & Flails
   913 | D        | Reached XP level 11. HP: 51/98 MP: 13/15
  1190 | D        | Noticed a lindwurm
  1195 | D        | Noticed a lindwurm
  1196 | D        | Killed a lindwurm
  1212 | D        | Killed a lindwurm
  1213 | D        | Reached skill level 1 in Dodging
  1479 | D        | Noticed Gastronok
  1495 | D        | Killed Gastronok
  1495 | D        | Received a gift from Okawaru
  1496 | D        | Reached skill level 16 in Maces & Flails
  1556 | D        | Noticed a stone giant
  1570 | D        | Killed a stone giant
  1575 | D        | HP: 2/100 [orc priest/divine providence (11)]
  1781 | D        | Noticed an orc knight
  1787 | D        | Killed an orc knight
  1788 | D        | Reached skill level 17 in Maces & Flails
  1800 | D        | Reached XP level 12. HP: 102/108 MP: 17/17
  1803 | D        | Received a gift from Okawaru
  2092 | D        | Found Jioschoyh's Weapon Boutique.
  2113 | D        | Found Maif's Antique Armour Shop.
  2130 | D        | Reached skill level 18 in Maces & Flails
  2130 | D        | Reached skill level 15 in Shields
  2130 | D        | Reached skill level 10 in Evocations
  2131 | D        | Found Goyhekk's Weapon Boutique.
  2153 | D        | Reached skill level 15 in Fighting
  2157 | D        | Found Celua's Antique Weapon Shop.
  2519 | D        | Bought 4 silver boomerangs for 240 gold pieces
  2525 | D        | Bought the +7 lajatang of Order {silver, rMut} for 1565
                  | gold pieces
  2525 | D        | Found the +7 lajatang of Order {silver, rMut}
  2544 | D        | Noticed Maurice
  2553 | D        | Killed Maurice
  2553 | D        | Received a gift from Okawaru
  2576 | D        | Noticed Sonja
  2579 | D        | Killed Sonja
  2579 | D        | Received a gift from Okawaru
  2727 | D        | Noticed a centaur warrior
  2727 | D        | Noticed an ogre mage
  2732 | D        | Noticed a centaur warrior
  2734 | D        | Noticed a purple very ugly thing
  2743 | D        | Killed an ogre mage
  2744 | D        | Reached skill level 19 in Maces & Flails
  2745 | D        | Noticed a rakshasa
  2748 | D        | Noticed a stone giant
  2754 | D        | Killed a purple very ugly thing
  2756 | D        | Noticed a vampire mage
  2757 | D        | Killed a centaur warrior
  2759 | D        | Noticed a vampire mage
  2762 | D        | Noticed a vampire mage
  2771 | D        | Killed a centaur warrior
  2771 | D        | Reached ****** piety under Okawaru
  2772 | D        | Reached XP level 13. HP: 48/117 MP: 19/19
  2778 | D        | Killed a rakshasa
  2783 | D        | Killed a stone giant
  2798 | D        | Received a gift from Okawaru
  2799 | D        | Reached skill level 20 in Maces & Flails
  2808 | D        | Noticed a fire giant
  2809 | D        | Noticed a rakshasa
  2814 | D        | Killed a rakshasa
  2821 | D        | HP: 4/118 [fire giant/bolt of fire (7)]
  2823 | D        | Killed a fire giant
  3095 | D        | Noticed Frances
  3113 | D        | Killed Frances
  3146 | D        | Noticed Kirke
  3167 | D        | Killed Kirke
  3167 | D        | Identified the +4 scale mail "Rofoeg" {Fly Str+3} (Okawaru
                  | gifted it to you in the Dungeon)
  3167 | D        | Received a gift from Okawaru
  3424 | D        | Killed from afar by a water nymph

Illustrated notes

Levels and vault maps discovered:
D:        linesprint [early_d, line_temple, items_1, d_10, items_2, lair_1,
          lair_end, items_3, orc_1, orc_end, items_4, d_15, swamp_1, shoals_1,
          snake_1, spider_1, d_20, vaults_1, items_5, swamp_end, shoals_end,
          snake_end, spider_end, vaults_end, d_27, items_6, zot_1, zot_end,
          crypt_end, forest_end, elf_end, slime_end, tomb_end, abyss_end,
          pan_hell_end]

Skill      XL: |  1  2  3  4  5  6  7  8  9 10 11 12 13 |
---------------+----------------------------------------+-----
Fighting       | 4 6 7 9 10 11 12 13 14 15 17 | 17.1
Maces & Flails | 3 4 6 8 10 11 13 15 17 19 20 | 20.8
Armour         | 4 5 6 8 9 10 11 12 13 14 | 14.6
Shields        | 5 6 8 10 11 12 13 14 15 17 | 17.3
Stealth        | 1 2 3 4 |  4.6
Invocations    | 1 6 7 8 |  8.8
Evocations     | 1 5 9 11 13 | 13.6
Dodging        | 1 2 3 |  3.1

Action                     |  1- 3 |  4- 6 |  7- 9 | 10-12 | 13-15 || total
---------------------------+-------+-------+-------+-------+-------++-------
  Melee: Flail             |    22 |     4 |       |       |       ||    26
         Dire flail        |       |     6 |    40 |    25 |       ||    71
         Great mace        |       |       |       |   248 |   131 ||   379
 Invoke: Heroism           |       |       |       |     4 |     1 ||     5
         Finesse           |       |       |       |     1 |     1 ||     2
  Evoke: Lightning rod     |       |       |       |     4 |       ||     4
    Use: Potion            |     2 |     1 |     1 |     2 |     4 ||    10
   Stab: Invisible         |       |     1 |     2 |       |       ||     3
         Distracted        |       |       |       |     1 |       ||     1
 Armour: Scale mail        |     7 |       |       |       |       ||     7
         Chain mail        |       |     1 |    27 |    66 |       ||    94
         Plate armour      |       |       |       |    21 |    35 ||    56
  Dodge: Dodged            |    10 |     2 |    18 |    54 |    17 ||   101
  Block: Buckler           |     3 |     3 |    13 |    56 |       ||    75
         Tower shield      |       |       |       |    30 |    76 ||   106

Table legend: (Time is in decaauts)
 A = Elapsed time spent in this place.
 B = Non-inter-level travel time spent in this place.
 C = Inter-level travel time spent in this place.
 D = Time resting spent in this place.
 E = Time spent auto-exploring this place.
 F = Levels seen in this place.
 G = Mean time per level.
                   A        B        C        D        E       F      G
               +--------+--------+--------+--------+--------+-----+--------+
         Total |   3334 |   3334 |      0 |   1865 |      0 |   1 | 3334.0 |
       Dungeon |   3334 |   3334 |      0 |   1865 |      0 |   1 | 3334.0 |
               +--------+--------+--------+--------+--------+-----+--------+

Top non-repeatable levels by time:
       D: 3334 daAuts
